 Dungeon Crawl Stone Soup version 0.16.0-17-g811c1d7 (webtiles) character file.

2954 Woebin the Chopper (level 9, -11/78 HPs)
             Began as a Hill Orc Fighter on Mar 20, 2015.
             Was a Priest of Beogh.
             Mangled by an orc knight
             ... wielding a +0 glaive
              (14 damage)
             ... in a bailey.
             The game lasted 00:27:54 (7334 turns).

Woebin the Chopper (Hill Orc Fighter)               Turns: 7334, Time: 00:27:56

Health: -11/78     AC: 12    Str: 27    XL:     9   Next: 81%
Magic:  9/9        EV: 10    Int:  8    God:    Beogh [***...]
Gold:   406        SH: 12    Dex: 10    Spells: 0 memorised, 8 levels left

rFire  . . .     SeeInvis .     a - +2 hand axe (freeze)
rCold  . . .     Clarity  .     m - +0 scale mail
rNeg   . . .     SustAb   .     c - +0 shield
rPois  .         Gourm    .     s - +1 helmet
rElec  .         Spirit   .     w - +0 cloak
rCorr  .         Warding  .     (no gloves)
rMut   .         Stasis   .     (no boots)
MR     .....                    (no amulet)
Stlth  ..........               (no ring)
                                (no ring)

@: mighty, not resistant to hostile enchantments, extremely unstealthy
A: no striking features
a: Smiting, Renounce Religion


You were in a bailey.
You worshipped Beogh.
Beogh was most pleased with you.
You were not hungry.

You visited 1 branch of the dungeon, and saw 7 of its levels.
You also visited: Bailey.

You collected 430 gold pieces.
You spent 24 gold pieces at shops.

Inventory:

Hand weapons
 a - a +2 hand axe of freezing (weapon)
 B - a +1 mace of draining
 J - a +0 war axe
 K - a +0 scimitar of holy wrath
Missiles
 g - 8 needles of frenzy
 j - 22 steel sling bullets
 x - 4 tomahawks
 y - 6 curare-tipped needles
 L - a javelin (quivered)
Armour
 c - a +0 shield (worn)
 m - a +0 scale mail (worn)
 s - a +1 helmet (worn)
 w - a +0 cloak (worn)
 P - a cursed +0 plate armour
Magical staves
 o - an uncursed staff of summoning
 q - an uncursed staff of cold {unknown}
Magical devices
 b - a wand of fire (4)
 n - a wand of polymorph (9)
 C - a wand of enslavement (13)
 F - a wand of lightning (9)
 I - a wand of random effects (20)
 M - a wand of magic darts (31)
 N - a wand of polymorph (10)
Scrolls
 i - 3 scrolls of identify
 r - a scroll of blinking
 u - 5 scrolls of magic mapping {unknown}
 G - 2 scrolls of enchant weapon {unknown}
 H - a scroll of fear
Potions
 e - 4 potions of might
 f - 4 potions of heal wounds {unknown}
 h - 7 potions of curing {unknown}
 k - 3 potions of haste {unknown}
 l - a potion of flight {unknown}
 p - 4 potions of brilliance {unknown}
 t - a potion of restore abilities {unknown}
 v - a potion of agility {unknown}
 A - 2 potions of poison {unknown}
 D - 2 potions of cancellation {unknown}
 E - a potion of ambrosia {unknown}
 O - a potion of beneficial mutation {unknown}
Comestibles
 d - a meat ration
 z - 2 bread rations


   Skills:
 + Level 6.6 Fighting
 + Level 1.2 Long Blades
 + Level 7.5 Axes
 + Level 5.4 Throwing
 + Level 7.3 Armour
 + Level 3.5 Dodging
 + Level 1.0 Stealth
 + Level 7.2 Shields


You had 8 spell levels left.
You didn't know any spells.

Dungeon Overview and Level Annotations

Branches:
Dungeon (7/15)             Temple (0/1) D:7

Altars:
Fedhas
Gozag
Kikubaaqudgha
Okawaru
Qazlal
Trog
Zin

Shops:
D:5 =


Message History

Milork calls upon Beogh to heal your orc.
Your orc's wounds heal themselves!
Your orc closely misses the orc knight.
Your orc warrior hits the orc knight but does no damage.
You hit the orc knight but do no damage.
The orc knight reads a scroll.
Wisps of shadow swirl around the orc knight.
Your orc closely misses the orc knight.
Your orc hits the orc warrior but does no damage.
Your orc barely misses the orc wizard.
Your orc warrior barely misses the orc knight.
Your orc hits the orc warrior with a war axe.
Your orc barely misses the orc.
You swap places.
The troll shouts!
The orc shouts!
The orc shouts!
The troll shouts!
The orc shouts! x3
The orc knight roars a battlecry!
The orcs go into a battle-frenzy!
The orc knight hits you from afar with a glaive!
You die...

#.......#
#o.?o.o.#
#..??...#
#.oo??..#
#TToo...#
#.o.o...#
#o.oo..o#
#.ooo...#
#.ooo@..#


#.ooooo.# ##.o...## #'o'''# ##.....## #..)))).# #.).)...# #...))).# #....)).#
You could see 2 orc knights, 2 trolls, an orc sorcerer, 4 orc warriors, an orc
priest (frenzied), an orc wizard (frenzied), 8 orcs, 3 friendly orc warriors,
the friendly Milork the orc priest and 5 friendly orcs.

Vanquished Creatures
  An orc knight (Bailey)
  5 orc warriors
  2 ogres (D:6)
  3 phantoms
  2 centaurs
  3 giant frogs
  A scorpion (D:6)
  A wyvern skeleton (D:6)
  2 hounds
  Crazy Yiuf (D:2)
  2 iguanas (D:5)
  3 orc priests
  A centaur skeleton (D:5)
  3 worker ants
  A giant frog skeleton (D:5)
  4 orc wizards
  Robin (D:2)
  3 gnolls (D:6)
  7 adders
  2 giant mites
  5 worms
  6 giant geckos
  2 oozes
  21 orcs
  A ball python (D:1)
  11 bats
  A bat zombie (D:6)
  A giant cockroach (D:2)
  15 goblins
  22 hobgoblins
  5 quokkas
  A giant gecko zombie (D:6)
  8 giant newts
  9 kobolds
  A quokka skeleton (D:4)
  15 rats
  2 fungi (D:2)
174 creatures vanquished.

Vanquished Creatures (collateral kills)
  An orc knight (Bailey)
  3 orc warriors (Bailey)
  8 orcs (Bailey)
12 creatures vanquished.

Vanquished Creatures (others)
  10 orcs (Bailey)
  A rat (D:4)
11 creatures vanquished.

Grand Total: 197 creatures vanquished

Notes
Turn   | Place    | Note
--------------------------------------------------------------
     0 | D:1      | Woebin, the Hill Orc Fighter, began the quest for the Orb.
     0 | D:1      | Reached XP level 1. HP: 19/19 MP: 1/1
   233 | D:1      | Reached XP level 2. HP: 24/27 MP: 2/2
  1157 | D:1      | Reached skill level 4 in Fighting
  1331 | D:2      | Reached XP level 3. HP: 31/33 MP: 3/3
  1581 | D:2      | Noticed Robin
  1590 | D:2      | Killed Robin
  1590 | D:2      | Reached XP level 4. HP: 18/40 MP: 4/4
  2504 | D:2      | Noticed Crazy Yiuf
  2534 | D:2      | Killed Crazy Yiuf
  2534 | D:2      | Reached skill level 1 in Dodging
  2623 | D:3      | Noticed a giant frog
  2628 | D:3      | Killed a giant frog
  2628 | D:3      | Reached skill level 1 in Throwing
  2628 | D:3      | Reached XP level 5. HP: 39/46 MP: 5/5
  2978 | D:3      | Found an ancient bone altar of Kikubaaqudgha.
  3646 | D:4      | Became a worshipper of Beogh the Brigand
  3870 | D:4      | Noticed a phantom
  3871 | D:4      | Reached XP level 6. HP: 49/52 MP: 6/6
  3893 | D:4      | Killed a phantom
  3893 | D:4      | Reached skill level 5 in Armour
  3936 | D:4      | Found an iron altar of Okawaru.
  4347 | D:4      | Reached skill level 5 in Shields
  4347 | D:4      | Reached XP level 7. HP: 56/59 MP: 7/7
  4554 | D:5      | Entered Level 5 of the Dungeon
  4554 | D:5      | Found an iron altar of Okawaru.
  4705 | D:5      | Reached skill level 5 in Axes
  4728 | D:5      | Acquired Beogh's first power
  4789 | D:5      | Found Pnu Jong's Jewellery Emporium.
  4810 | D:5      | Bought a cursed amulet of inaccuracy for 24 gold pieces
  4945 | D:5      | Found a glowing silver altar of Zin.
  4950 | D:5      | Found an opulent altar of Gozag.
  4955 | D:5      | Found a stormy altar of Qazlal.
  4958 | D:5      | Found a blossoming altar of Fedhas.
  5070 | D:5      | Noticed a moth of wrath
  5072 | D:5      | Found a bloodstained altar of Trog.
  5275 | D:6      | Reached skill level 5 in Fighting
  5275 | D:6      | Reached XP level 8. HP: 66/68 MP: 8/8
  5437 | D:6      | Reached skill level 6 in Axes
  5521 | D:6      | Acquired Beogh's second power
  6855 | D:7      | Found a staircase to the Ecumenical Temple.
  7006 | D:7      | Reached XP level 9. HP: 70/74 MP: 9/9
  7047 | D:7      | Reached skill level 7 in Axes
  7047 | D:7      | Reached skill level 5 in Throwing
  7081 | D:7      | Acquired Beogh's third power
  7167 | D:7      | Found a flagged portal.
  7186 | Bailey   | Entered a bailey
  7200 | Bailey   | Reached skill level 1 in Stealth
  7290 | Bailey   | Gained Milork as an ally
  7319 | Bailey   | Noticed an orc knight
  7323 | Bailey   | Noticed an orc knight
  7323 | Bailey   | Noticed an orc knight
  7326 | Bailey   | Killed an orc knight
  7326 | Bailey   | Reached skill level 1 in Long Blades
  7329 | Bailey   | Killed an orc knight
  7331 | Bailey   | HP: 3/78 [orc knight/glaive (12)]
  7334 | Bailey   | Noticed an orc knight
  7334 | Bailey   | Noticed an orc sorcerer
  7334 | Bailey   | Mangled by an orc knight

Action                   |  1- 3 |  4- 6 |  7- 9 || total
-------------------------+-------+-------+-------++-------
Melee: War axe           |    86 |   139 |   105 ||   330
       Spear             |     2 |       |       ||     2
       Unarmed           |       |     1 |       ||     1
       Hand axe          |       |       |    64 ||    64
       Scimitar          |       |       |     9 ||     9
Throw: Javelin           |    13 |    45 |    29 ||    87
       Tomahawk          |       |     2 |    31 ||    33
Invok: Convert to Beogh  |       |     1 |       ||     1
  Use: Scroll            |       |     4 |       ||     4
       Potion            |       |       |     2 ||     2
  Eat: Chunk             |     2 |     5 |     7 ||    14
       Beef jerky        |       |     1 |       ||     1
       Meat ration       |       |     1 |       ||     1
